[Event "Titled Tuesday Blitz May 30 Late 2023"]
[White "Minko, Dmitry"]
[Black "Arun, Siddharth"]
[WhiteFideId "24188468"]
[BlackFideId "2079178"]
[WhiteElo "2147"]
[BlackElo "2352"]
[Result "1-0"]
[Round "04"]
[TimeControl "180+2"]
[Date "2023.05.31"]
[WhiteClock "0:00:43"]
[BlackClock "0:01:07"]

1. e4 c6 2. d4 d5 3. exd5 cxd5 4. Bd3 Nc6 5. c3 Qc7 6. h3 g6 7. Nf3 Bf5 8. Be2 Nf6 9. O-O Bg7 10. Re1 O-O 11. Bf1 Rae8 12. Nbd2 e5 13. dxe5 Nxe5 14. Nxe5 Rxe5 15. Rxe5 Qxe5 16. Nf3 Qc7 17. Be3 b6 18. Bd4 Be4 19. Ng5 Qf4 20. Nxe4 Nxe4 21. Be3 Qd6 22. Qa4 a5 23. Rd1 Qe6 24. Qb5 Nc5 25. Bxc5 bxc5 26. Qxc5 d4 27. Bc4 Rc8 28. Bxe6 Rxc5 29. cxd4 Rc2 30. Bb3 Rxb2 31. d5 Kf8 32. d6 Ke8 33. Ba4+ Kd8 34. Re1 Kc8 35. d7+ Kc7 36. Rc1+ 1-0


[Site "https://www.chess.com"]

[Event "Titled Tuesday Blitz May 30 Late 2023"]
[White "Kujawski, Adam"]
[Black "D`Arruda, Ricardo D."]
[WhiteFideId "1100920"]
[BlackFideId "100692"]
[WhiteElo "2054"]
[BlackElo "2511"]
[Result "0-1"]
[Round "04"]
[TimeControl "180+2"]
[Date "2023.05.31"]
[WhiteClock "0:00:01"]
[BlackClock "0:00:36"]

1. e4 d6 2. d4 Nf6 3. Nc3 g6 4. h3 Bg7 5. Nf3 O-O 6. Be3 Nbd7 7. Bc4 e6 8. a4 Nxe4 9. Nxe4 d5 10. Bd3 dxe4 11. Bxe4 c5 12. O-O cxd4 13. Bxd4 Bxd4 14. Qxd4 Nf6 15. Bd3 Qxd4 16. Nxd4 Bd7 17. Bb5 Rfd8 18. c3 a6 19. Be2 e5 20. Nf3 Re8 21. Rfd1 Bc6 22. a5 Rad8 23. Rxd8 Rxd8 24. Rd1 Re8 25. Kf1 Nh5 26. g3 e4 27. Nd4 Bd7 28. h4 Nf6 29. Nb3 Ba4 30. Rd6 Bxb3 31. Rxf6 Be6 32. Rf4 f5 33. f3 Bd5 34. fxe4 Bxe4 35. g4 Re5 36. gxf5 gxf5 37. Kf2 Rxa5 38. Ke3 Ra2 39. Bf3 Bxf3 40. Rxf3 Rxb2 41. Rxf5 b5 42. Rf6 a5 43. Ra6 a4 44. Kd4 Kf7 45. Kc5 h5 46. c4 bxc4 47. Kxc4 Rh2 48. Kd3 Rxh4 49. Ke3 Rb4 50. Kf3 h4 51. Kg2 Ke7 52. Kh3 Kd7 53. Ra8 Kc6 54. Rh8 Rc4 55. Rb8 Kc5 56. Rb7 a3 57. Rb8 Ra4 0-1


[Site "https://www.chess.com"]

[Event "Titled Tuesday Blitz May 30 Late 2023"]
[White "Rose, Felix"]
[Black "Dragomirescu, Robin-Alexandru"]
[WhiteFideId "5105722"]
[BlackFideId "1213849"]
[WhiteElo "2039"]
[BlackElo "2356"]
[Result "0-1"]
[Round "04"]
[TimeControl "180+2"]
[Date "2023.05.31"]
[WhiteClock "0:00:25"]
[BlackClock "0:00:09"]

1. d4 Nc6 2. Nf3 d5 3. e3 Bg4 4. h3 Bxf3 5. Qxf3 e5 6. dxe5 Nxe5 7. Qg3 Ng6 8. Nc3 Nf6 9. Bd3 Bd6 10. Qf3 O-O 11. Bd2 Ne5 12. Qe2 c5 13. b3 Re8 14. O-O Bb8 15. Bb5 Qd6 16. f4 Nc6 17. Qf3 a6 18. Bxc6 Qxc6 19. Rae1 Ne4 20. Nxe4 Rxe4 21. Bc3 Bc7 22. Qg3 f6 23. Rd1 Rae8 24. Rf3 b5 25. Bd2 Bb6 26. Kh2 c4 27. bxc4 Qxc4 28. c3 Qxa2 29. Rf2 Qc4 30. Ra1 Bxe3 31. Bxe3 Rxe3 32. Rf3 Qxc3 33. Rxa6 Rxf3 34. Qxf3 Qxf3 35. gxf3 Rb8 36. Rd6 b4 37. Rxd5 b3 38. Rd1 b2 39. Rb1 Kf7 40. f5 Ke7 41. Kg3 Kd6 42. Kf4 Kd5 43. h4 Kd4 44. h5 h6 45. Kg4 Kd3 46. Rd1+ Kc2 47. Rd7 b1=Q 48. Rxg7 Qg1+ 49. Kh4 Qxg7 50. f4 Rb4 51. Kh3 Rxf4 52. Kh2 Rh4# 0-1


[Site "https://www.chess.com"]

[Event "Titled Tuesday Blitz May 30 Late 2023"]
[White "Senft, Sean"]
[Black "Oglaza, Oskar"]
[WhiteFideId "2044960"]
[BlackFideId "1194402"]
[WhiteElo "1989"]
[BlackElo "2204"]
[Result "0-1"]
[Round "04"]
[TimeControl "180+2"]
[Date "2023.05.31"]
[WhiteClock "0:00:06"]
[BlackClock "0:00:19"]

1. d4 Nf6 2. c4 g6 3. Nc3 d5 4. Bg5 Ne4 5. Bh4 Nxc3 6. bxc3 Bg7 7. e3 O-O 8. Nf3 c5 9. cxd5 cxd4 10. cxd4 Qxd5 11. Be2 Nc6 12. O-O e5 13. dxe5 Qxd1 14. Rfxd1 Nxe5 15. Rab1 a6 16. Bg3 Nc6 17. Nd4 Nxd4 18. exd4 b5 19. d5 Rd8 20. Bc7 Re8 21. Bf3 Bf5 22. Rbc1 Bb2 23. d6 Bxc1 24. Bxa8 Rxa8 25. Rxc1 Kf8 26. Rc6 Ke8 27. f3 Kd7 28. Rb6 Be6 29. a3 Bc4 30. Kf2 a5 31. Ke3 Re8+ 32. Kd4 Re2 33. Kc5 Re5+ 34. Kd4 Rd5+ 35. Ke4 g5 36. Rb8 f5+ 37. Ke3 f4+ 38. Kf2 Rd2+ 39. Ke1 Rxg2 40. Rd8+ Kc6 41. Rc8 Rxh2 42. Bb8+ Kd7 43. Rc7+ Kd8 44. Rg7 Re2+ 45. Kd1 Re3 46. Rxg5 Rxf3 47. Rf5 Kd7 48. Bc7 b4 49. axb4 axb4 50. Rg5 b3 51. Rg7+ Kc6 52. Kc1 Rf2 53. Ba5 b2+ 54. Kb1 Bd3+ 55. Ka2 b1=Q+ 56. Ka3 0-1


[Site "https://www.chess.com"]

[Event "Titled Tuesday Blitz May 30 Late 2023"]
[White "Hoffmann, Asa"]
[Black "Baches Garcia, Guillermo"]
[WhiteFideId "2001470"]
[BlackFideId "2209764"]
[WhiteElo "2117"]
[BlackElo "2508"]
[Result "0-1"]
[Round "04"]
[TimeControl "180+2"]
[Date "2023.05.31"]
[WhiteClock "0:00:56"]
[BlackClock "0:00:15"]

1. d4 d5 2. Bg5 f6 3. Bf4 Nc6 4. Nf3 Bg4 5. Nbd2 Qd7 6. c4 e6 7. Qb3 O-O-O 8. e3 g5 9. Bg3 h5 10. h4 gxh4 11. Bxh4 Rh6 12. O-O-O Nge7 13. cxd5 exd5 14. Bg3 Nf5 15. Bf4 Rh8 16. Bd3 Bd6 17. Bxd6 Qxd6 18. a3 Kb8 19. Kb1 Nfe7 20. Rc1 Rc8 21. Nh4 Be6 22. f4 Bf7 23. Ndf3 Rce8 24. Bb5 Ka8 25. Rc3 Be6 26. Rhc1 Bd7 27. Nd2 a6 28. Qa4 Ka7 29. Nb3 Nc8 30. Nc5 Nb6 31. Qb3 axb5 32. Qxb5 Kb8 33. a4 Na7 34. Qb4 Bc8 35. a5 Nc4 36. a6 b6 37. e4 Nd2+ 38. Ka1 Nxe4 39. Ng6 Rhg8 40. f5 Ka8 41. Na4 Qxb4 42. Ra3 Nb5 0-1


[Site "https://www.chess.com"]

[Event "Titled Tuesday Blitz May 30 Late 2023"]
[White "Figorito, Nick"]
[Black "Liu, Casper"]
[WhiteFideId "30923689"]
[BlackFideId "1454153"]
[WhiteElo "2334"]
[BlackElo "2221"]
[Result "0-1"]
[Round "04"]
[TimeControl "180+2"]
[Date "2023.05.31"]
[WhiteClock "0:00:47"]
[BlackClock "0:01:34"]

1. Nf3 d6 2. g3 Bd7 3. Bg2 Qc8 4. h4 Nc6 5. c4 e5 6. Nc3 f5 7. d3 Nf6 8. Bg5 Be7 9. Bxf6 Bxf6 10. Nd5 Ne7 11. Nxf6+ gxf6 12. Qb3 c6 13. O-O-O Be6 14. e4 b5 15. exf5 Nxf5 16. Bh3 Rb8 17. Kb1 bxc4 18. Qa4 c3 19. b3 O-O 20. Bxf5 Bxf5 21. Qc4+ d5 22. Qxc3 c5 23. Ka1 Qc6 24. Nd2 Qa6 25. Nb1 Rfc8 26. f3 c4 27. dxc4 dxc4 28. b4 Bd3 29. a3 Qa4 30. Rd2 a5 31. Rb2 axb4 32. Rxb4 Rxb4 33. Qxb4 Qxb4 34. axb4 c3 35. Rc1 Ra8+ 0-1


[Site "https://www.chess.com"]

[Event "Titled Tuesday Blitz May 30 Late 2023"]
[White "Campos, Maria Jose"]
[Black "Toncheva, Nadya"]
[WhiteFideId "146803"]
[BlackFideId "2924056"]
[WhiteElo "2170"]
[BlackElo "2101"]
[Result "1-0"]
[Round "04"]
[TimeControl "180+2"]
[Date "2023.05.31"]
[WhiteClock "0:01:47"]
[BlackClock "0:00:57"]

1. c4 c5 2. g3 Nc6 3. Bg2 g6 4. Nc3 Bg7 5. Nf3 e5 6. d3 Nge7 7. Nd2 O-O 8. Nf1 d6 9. Ne3 Rb8 10. Rb1 a6 11. a4 Be6 12. Ned5 h6 13. O-O Kh7 14. Bd2 f5 15. b4 Bxd5 16. Nxd5 Nxd5 17. cxd5 Nxb4 18. Bxb4 cxb4 19. Rxb4 b5 20. axb5 axb5 21. Qb3 Qa5 22. Rb1 Rfc8 23. e4 Rc5 24. exf5 gxf5 25. Bh3 Kg6 26. Qd1 Qc7 27. Qf3 Qf7 28. Bg4 fxg4 29. Rxg4+ Kh5 30. Rf4+ 1-0


[Site "https://www.chess.com"]

[Event "Titled Tuesday Blitz May 30 Late 2023"]
[White "Uzcategui Rodriguez, Alejandro"]
[Black "Padalka, Artem"]
[WhiteFideId "3903400"]
[BlackFideId "14118637"]
[WhiteElo "2252"]
[BlackElo "2073"]
[Result "0-1"]
[Round "04"]
[TimeControl "180+2"]
[Date "2023.05.31"]
[WhiteClock "0:00:12"]
[BlackClock "0:00:09"]

1. d4 Nf6 2. Nf3 c5 3. c3 g6 4. Bf4 Bg7 5. h3 O-O 6. e3 d6 7. Nbd2 Nc6 8. Be2 cxd4 9. exd4 Nd5 10. Bh2 e5 11. dxe5 dxe5 12. O-O f5 13. Nc4 e4 14. Nfe5 f4 15. Nxc6 bxc6 16. Bg4 Ba6 17. Qa4 Bb5 18. Qb3 Kh8 19. Rfe1 f3 20. Rxe4 Bxc4 21. Qxc4 fxg2 22. Qxc6 Nf6 23. Rd4 Qa5 24. Qxg2 Rae8 25. Rd2 Ne4 26. Re2 Ng5 27. Rxe8 Rxe8 28. a3 h5 29. Qc6 Rf8 30. Be2 Nxh3+ 31. Kg2 Rxf2+ 32. Kh1 Rxe2 33. Qc8+ Kh7 34. Qxh3 Qd5+ 35. Kg1 Bh6 36. Bg3 Be3+ 37. Bf2 Bxf2+ 38. Kf1 Qd2 39. Qf3 Re1+ 40. Kg2 Rxa1 41. Qf7+ Kh6 42. Qf8+ Kg5 43. Qe7+ Kg4 44. Qe6+ Kf4 45. Qf6+ Ke3 46. Qg5+ Ke2 47. Qe5+ Kd3 48. Qd5+ Kc2 49. Qe4+ Kxb2 50. Qb4+ Ka2 51. Qc4+ Kb1 52. Qb3+ Kc1 53. c4 Be3+ 54. Kf3 Qf2+ 55. Ke4 Qf4+ 56. Kd5 Qf5+ 57. Kc6 Qe6+ 58. Kb7 Qb6+ 59. Qxb6 axb6 0-1


[Site "https://www.chess.com"]

[Event "Titled Tuesday Blitz May 30 Late 2023"]
[White "Ljukin, Sergei"]
[Black "Chyngyz, Sultai"]
[WhiteFideId "14102200"]
[BlackFideId "13803158"]
[WhiteElo "2312"]
[BlackElo "1408"]
[Result "1-0"]
[Round "04"]
[TimeControl "180+2"]
[Date "2023.05.31"]
[WhiteClock "0:01:52"]
[BlackClock "0:02:07"]

1. e4 c5 2. Nf3 d6 3. d4 cxd4 4. Nxd4 Nf6 5. Nc3 a6 6. Bg5 Nbd7 7. f4 Qc7 8. Qf3 e6 9. O-O-O Be7 10. g4 b5 11. Bxf6 Bxf6 12. Bxb5 axb5 13. Ndxb5 Qa5 14. Nxd6+ Kf8 15. e5 Bxe5 16. fxe5 Nxe5 17. Qf4 Bd7 18. Nxf7 1-0


[Site "https://www.chess.com"]

[Event "Titled Tuesday Blitz May 30 Late 2023"]
[White "drdaro"]
[Black "Jovic, Stanoje"]
[BlackFideId "905020"]
[WhiteElo "2323"]
[BlackElo "2236"]
[Result "1-0"]
[Round "04"]
[TimeControl "180+2"]
[Date "2023.05.31"]
[WhiteClock "0:01:04"]
[BlackClock "0:00:05"]

1. d4 Nf6 2. Nf3 e6 3. b3 b6 4. Bb2 Bb7 5. e3 Be7 6. Be2 O-O 7. c4 d5 8. Nc3 Nbd7 9. O-O Ne4 10. Rc1 f5 11. Ne1 Bg5 12. Qd3 a6 13. Nd1 f4 14. f3 Nd6 15. c5 e5 16. cxd6 cxd6 17. exf4 Bxf4 18. Rc2 e4 19. fxe4 dxe4 20. Qh3 d5 21. Ne3 Bg5 22. Rxf8+ Nxf8 23. Bg4 g6 24. Rf2 h5 25. Be6+ Kh8 26. N1c2 Bc8 27. Bxc8 Rxc8 28. Ba3 Nh7 29. Rf7 Nf6 30. Qe6 Rc3 31. Rf8+ Qxf8 32. Bxf8 1-0


[Site "https://www.chess.com"]

[Event "Titled Tuesday Blitz May 30 Late 2023"]
[White "Balla, Tamas-Kristof"]
[Black "Dragomirescu, Calin"]
[WhiteFideId "1208497"]
[BlackFideId "1200895"]
[WhiteElo "2334"]
[BlackElo "2010"]
[Result "0-1"]
[Round "04"]
[TimeControl "180+2"]
[Date "2023.05.31"]
[WhiteClock "0:00:08"]
[BlackClock "0:00:10"]

1. e4 g6 2. d4 Bg7 3. Nc3 d6 4. f4 Nf6 5. Nf3 O-O 6. Bd3 Na6 7. e5 Nd7 8. O-O c5 9. Bxa6 cxd4 10. Qxd4 bxa6 11. Be3 dxe5 12. fxe5 Nb6 13. Qe4 Rb8 14. Rad1 Qc7 15. Bf4 Bb7 16. Qe2 e6 17. Ng5 Nd5 18. Nxd5 Bxd5 19. c3 Qb7 20. b3 h6 21. Nf3 Bxf3 22. Rxf3 Rfd8 23. Rdf1 Rd7 24. Rh3 h5 25. Bg5 Qc7 26. Bf6 Bxf6 27. exf6 Rc8 28. Qxa6 Rd2 29. Rg3 Rcd8 30. Qb5 R2d5 31. Qa4 Qd7 32. Qf4 Qd6 33. Qh6 Qf8 34. Qf4 Kh7 35. Rg5 Rxg5 36. Qxg5 Qh6 37. Qg3 Rd2 38. Qc7 Qf8 39. c4 Kh6 40. Qxa7 Qd6 41. Qe3+ Kh7 42. a4 Rb2 43. a5 Qc6 44. Qa7 Qxg2# 0-1


[Site "https://www.chess.com"]

[Event "Titled Tuesday Blitz May 30 Late 2023"]
[White "Karas, Marek"]
[Black "Stachanczyk, Jacek"]
[WhiteFideId "14928558"]
[BlackFideId "1116657"]
[WhiteElo "2233"]
[BlackElo "2084"]
[Result "1-0"]
[Round "04"]
[TimeControl "180+2"]
[Date "2023.05.31"]
[WhiteClock "0:00:10"]
[BlackClock "0:00:29"]

1. d4 Nf6 2. Nf3 g6 3. Bg5 Bg7 4. Nbd2 d5 5. e3 O-O 6. Bd3 b6 7. O-O Bb7 8. c4 dxc4 9. Nxc4 Nbd7 10. Qe2 c5 11. Rfd1 cxd4 12. exd4 Rc8 13. Nce5 Nd5 14. a3 h6 15. Bd2 Nxe5 16. dxe5 Qc7 17. Rac1 Qb8 18. e6 f5 19. Nh4 Rxc1 20. Rxc1 Nf4 21. Qe3 Nxd3 22. Qxd3 Rd8 23. Qe2 Qd6 24. Be1 Kh7 25. b4 Qd5 26. Nf3 Rd6 27. Qc4 Qxc4 28. Rxc4 Bxf3 29. gxf3 Rxe6 30. Bd2 Re2 31. Be3 g5 32. Rc7 Bf6 33. Rxa7 b5 34. Bc5 Kg6 35. a4 bxa4 36. Rxa4 Rb2 37. Ra6 Kf7 38. Kg2 f4 39. h3 Rc2 40. Ra7 Ke6 41. Ra6+ Kf5 42. Ra7 e5 43. Rf7 Kg6 44. Ra7 h5 45. Ra6 Kf5 46. Rc6 Rb2 47. Ra6 Rb3 48. Rc6 Bd8 49. Rc8 Bf6 50. Rc6 g4 51. hxg4+ hxg4 52. fxg4+ Kg5 53. f3 Rb2+ 54. Kf1 e4 55. fxe4 f3 56. Be3+ Kg6 57. Rxf6+ Kxf6 58. Bd4+ Kg5 59. Bxb2 Kxg4 60. e5 Kf5 61. Kf2 Ke6 62. Kxf3 Kd5 63. Kf4 Ke6 64. Ke4 Ke7 65. Kf5 Kf7 66. e6+ Ke8 67. Ke5 Ke7 68. Bd4 Ke8 69. Kd6 1-0


[Site "https://www.chess.com"]

[Event "Titled Tuesday Blitz May 30 Late 2023"]
[White "Vaglio Munoz, Jaime"]
[Black "Kielinkei"]
[WhiteFideId "6500145"]
[WhiteElo "2199"]
[BlackElo "2472"]
[Result "0-1"]
[Round "04"]
[TimeControl "180+2"]
[Date "2023.05.31"]
[WhiteClock "0:00:23"]
[BlackClock "0:00:17"]

1. Nf3 d5 2. c4 d4 3. e3 Nc6 4. a3 a5 5. e4 e5 6. d3 Nge7 7. Nbd2 Ng6 8. g3 Be7 9. Qa4 O-O 10. b4 Be6 11. b5 Nb8 12. h4 h5 13. Bg2 Nd7 14. Qc2 Nc5 15. a4 Bg4 16. Nb3 Qd7 17. Nxc5 Bxc5 18. Ba3 Bxa3 19. Rxa3 b6 20. c5 Qe7 21. O-O Rac8 22. Rc1 c6 23. Raa1 cxb5 24. c6 b4 25. Qc4 Rc7 26. Qb5 Rb8 27. Nd2 Be6 28. Rf1 Qd6 29. Rac1 Ne7 30. f4 exf4 31. e5 Qd8 32. gxf4 Nf5 33. Nf3 Nxh4 34. Nxd4 Qxd4+ 35. Kh2 Nxg2 36. Kxg2 Bd5+ 37. Kg3 Qe3+ 38. Kh4 Bf3 39. Qc4 Rxc6 40. Qb3 Qxf4+ 41. Kh3 Qg4+ 42. Kh2 Qg2# 0-1


[Site "https://www.chess.com"]

[Event "Titled Tuesday Blitz May 30 Late 2023"]
[White "Bashkansky, Ethan"]
[Black "Goffredo_Fofi"]
[WhiteFideId "2071533"]
[WhiteElo "2311"]
[BlackElo "2471"]
[Result "1-0"]
[Round "04"]
[TimeControl "180+2"]
[Date "2023.05.31"]
[WhiteClock "0:00:11"]
[BlackClock "0:00:01"]

1. d4 g6 2. e4 Bg7 3. c3 c6 4. f4 d5 5. e5 Nh6 6. Be3 O-O 7. Nf3 f6 8. Bd3 Na6 9. O-O Nc7 10. Kh1 b6 11. Nbd2 Ba6 12. Bxa6 Nxa6 13. Nh4 f5 14. Nhf3 Nf7 15. Bf2 Nc7 16. Bh4 Ne6 17. Ng5 Nfxg5 18. Bxg5 c5 19. Nb3 Qd7 20. Bh4 Bh6 21. g3 Rac8 22. Qf3 cxd4 23. Nxd4 Nxd4 24. cxd4 Rc2 25. Rf2 Rfc8 26. Kg2 Bf8 27. Rd1 Rxf2+ 28. Qxf2 Qa4 29. b3 Qb5 30. Rd2 e6 31. Rc2 Qd7 32. Qd2 Ba3 33. Rc3 Rc6 34. Qc2 Rxc3 35. Qxc3 Kf7 36. b4 Qa4 37. Qc7+ Kg8 38. Qd8+ Kf7 39. Qe7+ Kg8 40. Bf6 Qd7 41. Qxd7 1-0


[Site "https://www.chess.com"]

[Event "Titled Tuesday Blitz May 30 Late 2023"]
[White "LangesNasenhaar"]
[Black "Skuhala, Barbara"]
[BlackFideId "14605465"]
[WhiteElo "2468"]
[BlackElo "2072"]
[Result "0-1"]
[Round "04"]
[TimeControl "180+2"]
[Date "2023.05.31"]
[WhiteClock "0:00:06"]
[BlackClock "0:01:44"]

1. d4 Nf6 2. Nc3 e6 3. Bf4 d5 4. Nb5 Na6 5. e3 c6 6. Nc3 Nc7 7. Nf3 Bd6 8. Ne5 Qe7 9. Bd3 Nd7 10. Qf3 Bxe5 11. dxe5 c5 12. Qg3 Qf8 13. O-O c4 14. Be2 h6 15. h4 Nb6 16. a4 a5 17. b3 cxb3 18. cxb3 Bd7 19. Rac1 O-O-O 20. h5 Rg8 21. Bb5 Kb8 22. Bxd7 Rxd7 23. Rc2 g5 24. hxg6 fxg6 25. Qh2 g5 26. Bg3 Rh7 27. Qh5 Qf5 28. Rfc1 Ne8 29. Ne2 Ng7 30. Qh2 h5 31. Nd4 Qd3 32. Rc3 Qg6 33. f3 h4 34. Be1 Nf5 35. Nxf5 Qxf5 36. Rc5 g4 37. f4 Qe4 38. Bd2 d4 39. Bxa5 Nd5 40. Bd2 dxe3 41. Be1 Nxf4 42. R5c4 Ne2+ 43. Kh1 Qd3 44. R1c2 Ng3+ 45. Bxg3 hxg3 0-1


[Site "https://www.chess.com"]

[Event "Titled Tuesday Blitz May 30 Late 2023"]
[White "Ardila, Oscar Humberto"]
[Black "Kokoszczynski, Jan"]
[WhiteFideId "4404742"]
[BlackFideId "1174460"]
[WhiteElo "1918"]
[BlackElo "2139"]
[Result "0-1"]
[Round "04"]
[TimeControl "180+2"]
[Date "2023.05.31"]
[WhiteClock "0:00:02"]
[BlackClock "0:00:41"]

1. d4 d5 2. c4 e6 3. Nc3 a6 4. cxd5 exd5 5. Nf3 c6 6. Bg5 Be7 7. Bf4 Bd6 8. Bg5 Nf6 9. e3 O-O 10. Bd3 Be6 11. Qc2 h6 12. Bh4 Nbd7 13. O-O Rc8 14. e4 dxe4 15. Nxe4 Be7 16. Nc5 Nxc5 17. dxc5 Nd5 18. Bxe7 Qxe7 19. a3 Qf6 20. Rfe1 Rcd8 21. Rad1 Rfe8 22. Bc4 Nf4 23. Bxe6 Nxe6 24. b4 Rxd1 25. Rxd1 Nf4 26. Re1 Rxe1+ 27. Nxe1 Qd4 28. h3 Nd5 29. Nf3 Qa1+ 30. Kh2 Qxa3 31. Qe4 Qxb4 32. Qe8+ Kh7 33. Qxf7 Qf4+ 34. Qxf4 Nxf4 35. Kg3 Nd3 36. Nd4 Nxc5 37. Kf4 Kg6 38. Ke3 Kf6 39. f4 a5 40. g4 a4 41. Kd2 g5 42. fxg5+ hxg5 43. Kc3 Ne4+ 44. Kd3 Nf2+ 45. Kc4 Nxh3 46. Kb4 Nf2 47. Kxa4 Nxg4 48. Kb4 Ne5 49. Kc5 b5 50. Ne2 g4 51. Kd6 b4 52. Ng3 b3 53. Kc5 b2 54. Ne4+ Kg7 55. Nc3 g3 56. Kd4 g2 57. Kxe5 g1=Q 58. Ke4 b1=Q+ 59. Nxb1 Qxb1+ 60. Kd4 Qb5 0-1


[Site "https://www.chess.com"]

[Event "Titled Tuesday Blitz May 30 Late 2023"]
[White "Sanhueza, Cristian"]
[Black "Leschinsky, Gary"]
[WhiteFideId "116815"]
[BlackFideId "30951321"]
[WhiteElo "2174"]
[BlackElo "1855"]
[Result "1-0"]
[Round "04"]
[TimeControl "180+2"]
[Date "2023.05.31"]
[WhiteClock "0:00:11"]
[BlackClock "0:01:15"]

1. e4 c5 2. Nf3 Nc6 3. d4 cxd4 4. Nxd4 Nf6 5. Nc3 e6 6. Ndb5 Bc5 7. Nd6+ Ke7 8. Nxc8+ Rxc8 9. Bg5 h6 10. Bh4 Bd4 11. Bd3 Qa5 12. O-O Bxc3 13. bxc3 Qxc3 14. f4 Kf8 15. Rb1 Nb4 16. Rb3 Qd4+ 17. Bf2 Qc3 18. Rxc3 Rxc3 19. Be1 Rxd3 20. cxd3 Nc6 21. Qa4 d5 22. e5 Nd7 23. d4 g6 24. g4 h5 25. f5 gxf5 26. gxf5 Rg8+ 27. Kh1 Ke8 28. fxe6 fxe6 29. Bh4 Rg4 30. Bf2 Ndxe5 31. Qc2 Nc4 32. Qh7 Ne7 33. Rg1 Rf4 34. Rg7 Nc6 35. Rg8+ Rf8 36. Qxh5+ Ke7 37. Bh4+ 1-0


[Site "https://www.chess.com"]

[Event "Titled Tuesday Blitz May 30 Late 2023"]
[White "Cardozo Munar, Carlos Eduardo"]
[Black "Omariev, Maksim"]
[WhiteFideId "4409477"]
[BlackFideId "4193423"]
[WhiteElo "2067"]
[BlackElo "2464"]
[Result "0-1"]
[Round "04"]
[TimeControl "180+2"]
[Date "2023.05.31"]
[WhiteClock "0:00:04"]
[BlackClock "0:00:03"]

1. d4 d5 2. c3 Nf6 3. Bg5 Ne4 4. h4 c5 5. e3 Nc6 6. Nd2 Nxg5 7. hxg5 e5 8. Bb5 exd4 9. exd4 Qxg5 10. Ngf3 Qxg2 11. Qe2+ Be6 12. O-O-O Qg4 13. Rh4 Qf5 14. Ne5 Rc8 15. Re1 Be7 16. Rh5 Qf6 17. Bxc6+ bxc6 18. Qa6 O-O 19. Nxc6 Bd6 20. Nxa7 Rcd8 21. Reh1 h6 22. Nb5 Bf4 23. Rd1 Ra8 24. Qc6 Rfc8 25. Qb6 Rab8 0-1


[Site "https://www.chess.com"]

[Event "Titled Tuesday Blitz May 30 Late 2023"]
[White "Seletsky, Grigory"]
[Black "Clawitter, Craig"]
[WhiteFideId "14112191"]
[BlackFideId "2023105"]
[WhiteElo "2491"]
[BlackElo "2219"]
[Result "1-0"]
[Round "04"]
[TimeControl "180+2"]
[Date "2023.05.31"]
[WhiteClock "0:01:39"]
[BlackClock "0:00:06"]

1. e4 e6 2. d4 d5 3. Nc3 Bb4 4. e5 c5 5. Bd2 Nh6 6. Nb5 Bxd2+ 7. Qxd2 O-O 8. c3 Nc6 9. f4 cxd4 10. cxd4 Nf5 11. Nf3 a6 12. Nc3 Qb6 13. O-O-O Bd7 14. g4 Nh6 15. h3 Rac8 16. Kb1 Na5 17. Bd3 Nc4 18. Bxc4 Rxc4 19. f5 Rfc8 20. Rc1 exf5 21. g5 f4 22. gxh6 Bf5+ 23. Ka1 Be4 24. Qxf4 Qxh6 25. Qxh6 gxh6 26. Rhg1+ Kf8 27. Rg3 b5 28. a3 a5 29. Rcg1 b4 30. Na2 bxa3 31. bxa3 Ke7 32. Nd2 Ra4 33. Nxe4 dxe4 34. Rd1 Rd8 35. d5 1-0


[Site "https://www.chess.com"]

[Event "Titled Tuesday Blitz May 30 Late 2023"]
[White "Brown, Raehanna"]
[Black "Jimenez Almeida, Luis David"]
[WhiteFideId "7402740"]
[BlackFideId "22242244"]
[WhiteElo "1655"]
[BlackElo "2245"]
[Result "0-1"]
[Round "04"]
[TimeControl "180+2"]
[Date "2023.05.31"]
[WhiteClock "0:00:04"]
[BlackClock "0:01:07"]

1. c4 g6 2. Nc3 Bg7 3. d4 c5 4. e3 Nf6 5. Nf3 O-O 6. Be2 d5 7. dxc5 Qa5 8. O-O dxc4 9. Bxc4 Qxc5 10. Be2 Nc6 11. Bd2 Rd8 12. Rc1 Be6 13. Nb5 Qb6 14. b3 Ne4 15. Qc2 Nxd2 16. Nxd2 Rac8 17. Nc3 Nb4 18. Qb2 Nxa2 19. Qxa2 Bxc3 20. Nc4 Bxc4 21. Bxc4 Be5 22. Rfd1 e6 23. g3 a6 24. Qe2 Qb4 25. Rxd8+ Rxd8 26. Rd1 Qe7 27. Rxd8+ Qxd8 28. Qf3 b5 29. Be2 Kg7 30. Qb7 Qd6 31. Bf3 h5 32. h4 Bf6 33. Kg2 Bc3 34. Qc6 Qb4 35. Qxa6 Qxb3 36. Bc6 b4 37. Qd3 Qb2 38. Be4 Bf6 39. Qb1 Qc3 40. Kf3 b3 41. Kg2 b2 42. Bc2 Qd2 43. Kf3 Bc3 44. Kg2 Bf6 45. Kf3 Qc3 46. Kg2 Qe5 47. Kf3 g5 48. hxg5 Qxg5 49. Kg2 h4 50. Qh1 hxg3 51. fxg3 Qxe3 52. Qh7+ Kf8 53. Qh1 Qd2+ 54. Kh3 Qxc2 0-1


[Site "https://www.chess.com"]

[Event "Titled Tuesday Blitz May 30 Late 2023"]
[White "zano2023"]
[Black "Buchenau, Frank"]
[BlackFideId "4604350"]
[WhiteElo "2185"]
[BlackElo "2157"]
[Result "0-1"]
[Round "04"]
[TimeControl "180+2"]
[Date "2023.05.31"]
[WhiteClock "0:02:14"]
[BlackClock "0:01:44"]

1. d4 Nf6 2. Nd2 d5 3. Ngf3 c5 4. e3 Bg4 5. c3 e6 6. Qa4+ Nfd7 7. Ne5 Bf5 8. Ndf3 f6 9. Nxd7 Qxd7 10. Bb5 Nc6 11. dxc5 Bxc5 12. Nd4 Rc8 13. Qxa7 Bxa7 0-1


[Site "https://www.chess.com"]

[Event "Titled Tuesday Blitz May 30 Late 2023"]
[White "Shapiro, Viktor"]
[Black "Djordjevic, Dejan N"]
[WhiteFideId "4175700"]
[BlackFideId "913316"]
[WhiteElo "2152"]
[BlackElo "2261"]
[Result "0-1"]
[Round "04"]
[TimeControl "180+2"]
[Date "2023.05.31"]
[WhiteClock "0:01:16"]
[BlackClock "0:01:31"]

1. Nf3 Nf6 2. c4 d6 3. Nc3 c5 4. g3 Nc6 5. Bg2 g6 6. O-O Bg7 7. e3 O-O 8. d4 Rb8 9. h3 a6 10. Qe2 Bd7 11. b3 Qc8 12. g4 h5 13. g5 Ne8 14. h4 cxd4 15. exd4 Bg4 16. Nd5 e6 17. Ne3 Nxd4 18. Qd1 Nxf3+ 19. Bxf3 Bxf3 20. Qxf3 Bxa1 21. Rd1 Bg7 22. Ba3 Qc7 23. Qg3 b5 24. c5 dxc5 25. Qxc7 Nxc7 26. Bxc5 Rfd8 27. Re1 Nd5 0-1


[Site "https://www.chess.com"]

[Event "Titled Tuesday Blitz May 30 Late 2023"]
[White "Harriott, Tyrell"]
[Black "Florianovitz, Derlei Alex"]
[WhiteFideId "2086484"]
[BlackFideId "2114178"]
[WhiteElo "2107"]
[BlackElo "1953"]
[Result "1/2-1/2"]
[Round "04"]
[TimeControl "180+2"]
[Date "2023.05.31"]
[WhiteClock "0:00:10"]
[BlackClock "0:00:08"]

1. d4 Nf6 2. e3 d5 3. Bd3 c5 4. c3 Nc6 5. f3 e5 6. Ne2 e4 7. fxe4 dxe4 8. Bc2 cxd4 9. exd4 Bd6 10. O-O h6 11. Bf4 O-O 12. Ng3 Re8 13. Qe2 Bg4 14. Qd2 Qc7 15. Bxd6 Qxd6 16. Na3 e3 17. Qd3 e2 18. Rfe1 Qf4 19. Nxe2 Bxe2 20. Rxe2 Rxe2 21. Qxe2 Re8 22. Qb5 Ng4 23. Bh7+ Kxh7 24. Qd3+ Kg8 25. Qg3 Qxg3 26. hxg3 Re2 27. d5 Nce5 28. b3 Ne3 29. Kh2 Rxg2+ 30. Kh3 Nf3 31. Rh1 Ng5+ 32. Kh4 Rxa2 33. Nc4 Nxc4 34. bxc4 Rc2 35. Rd1 Rxc3 36. d6 Rxc4+ 37. g4 Rc8 38. Kg3 Rd8 39. Kf4 Kf8 40. Ke5 f6+ 41. Kd5 Rd7 42. Rc1 Ke8 43. Rc8+ Kf7 44. Rc7 Ke8 45. Rc8+ Rd8 46. Rc7 Nf7 47. Rxb7 Rxd6+ 48. Ke4 Rd1 49. Rxa7 Nd8 50. Rxg7 Ra1 51. Rh7 Ra4+ 52. Kf5 Ra5+ 53. Kxf6 Rg5 54. Rxh6 Rxg4 55. Rh8+ Kd7 56. Rh7+ Kd6 57. Kf5 Rg1 58. Rh6+ Kd5 59. Rh8 Nc6 60. Kf4 Rf1+ 61. Ke3 Re1+ 62. Kd2 Re6 63. Rh5+ Re5 64. Rh6 Kc5 65. Rh7 Rd5+ 66. Kc2 Ne5 67. Rc7+ Kd4 68. Rh7 Rc5+ 69. Kb3 Rc3+ 70. Kb2 Re3 71. Rh4+ Kd3 72. Rh8 Nc4+ 73. Kb3 Ne5 74. Kb4 Ke4 75. Kc5 Rc3+ 76. Kb4 Rc4+ 77. Kb5 Rd4 78. Rh4+ Kd5 79. Rxd4+ Kxd4 1/2-1/2


[Site "https://www.chess.com"]